 Dungeon Crawl Stone Soup version 0.31-a0-1338-gb567cfdca4 (webtiles) character file.

Game seed: 2868689596012141055

23 croobank the Ruffian (level 2, -9/23 HPs)
             Began as a Demigod Shapeshifter on Dec 21, 2023.
             Mangled by Sigmund
             ... wielding a +2 vampiric scythe
              (11 damage)
             ... on level 2 of the Dungeon.
             The game lasted 00:03:35 (847 turns).

croobank the Ruffian (Demigod Shapeshifter)          Turns: 847, Time: 00:03:35

Health: -9/23      AC:  2    Str: 15    XL:     2   Next: 54%
Magic:  4/4        EV: 12    Int: 12    God:
Gold:   29         SH:  0    Dex: 13    Spells: 1/1 levels left

rFire   . . .        e - +0 hand axe
rCold   . . .        (no shield)
rNeg    . . .        a - +0 animal skin
rPois   .            (helmet currently unavailable)
rElec   .            (cloak currently unavailable)
rCorr   .            (gloves currently unavailable)
SInv    .            (boots currently unavailable)
Will    .....        (no amulet)
Stlth   +            (no ring)
HPRegen 0.23/turn    (no ring)
MPRegen 0.09/turn

%: no passive effects
@: beast-form
A: beast (slay +1), high MP 1, forlorn, divine attributes
a: Begin Untransformation


You were on level 2 of the Dungeon.
You were a hulking beast.
You visited 1 branch of the dungeon, and saw 2 of its levels.

You collected 29 gold pieces.

Inventory:

Hand Weapons
 e - a +0 hand axe (weapon)
 f - a +0 short sword
 g - a +0 dagger
Armour
 a - a +0 animal skin (worn)
Magical Staves
 i - a staff of air
Talismans
 c - a beast talisman
 d - a flux talisman
Potions
 b - a potion of lignification


   Skills:
 + Level 1.4 Fighting
 + Level 2.1 Dodging
 + Level 2.9 Unarmed Combat
 + Level 2.9 Shapeshifting


You had one spell level left.
You didn't know any spells.
Your spell library was empty.

Dungeon Overview and Level Annotations

Branches:
Dungeon (1/15)

Annotations:
D:2 Sigmund


Innate Abilities, Weirdness & Mutations

You are a hulking beast.
Your limbs bulge with bestial killing power. (Slay +1)
You have an increased reservoir of magic. (+10% MP)
You shall have no god before yourself.
Your divine heritage dramatically boosts your attributes as you level up.


Message History

Sigmund the Dreaded comes into view.
He is wielding a +2 vampiric scythe.
As you read the scroll labelled ZUS HAOLIY, it crumbles to dust.
It is a scroll of amnesia.
You feel forgetful for a moment. Sigmund gestures at you while chanting.
The puff of flame misses you.
Sigmund says, "Look into my eyes."
Sigmund gestures at you while chanting. The puff of flame hits you!
It was a potion of heal wounds.
You feel much better.
Found 15 gold pieces.
Sigmund gestures at you while chanting.
You are confused.
You're too confused to move!
You bump into the rock wall.
You bump into the rock wall.
Sigmund gestures wildly while chanting.
Sigmund flickers and vanishes!
Deactivating autopickup; reactivate with Ctrl-A.
You see here 15 gold pieces.
You bump into the rock wall.
You feel less confused.
You are confused.
You bump into the rock wall.
You feel less confused. Something hits you. Something hits you!
Ouch! That really hurt!
Found a spear.
You feel much better. Something hits you!
You hear some strange, mumbled words.
A magic dart appears from out of thin air!
The magic dart hits you!
You hit something but do no damage. Something hits you.
* * * LOW HITPOINT WARNING * * *
You hit something. Something hits you.
* * * LOW HITPOINT WARNING * * *
You closely miss something. Something hits you!
You die...

..#.##.#.#
#.#.##.#.#
#.#.##.#.#########
#.#.##.#...$.{....
#......###########
#.#.####. ###
#.......# #..
#.#######{#.####.
#.# .........h#.#
#.# )##########.#
#.# #.# #.# #.#
#.# #.# #@# #.#
...


There were no monsters in sight!

Vanquished Creatures
  A dart slug (D:1)
  3 ball pythons (D:1)
  2 bats (D:1)
  3 endoplasms (D:1)
  A giant cockroach (D:1)
  3 goblins (D:1)
  2 frilled lizards (D:1)
  3 kobolds (D:1)
  3 rats (D:1)
21 creatures vanquished.

Notes
Turn   | Place    | Note
-------+----------+-------------------------------------------
     0 | D:1      | croobank the Demigod Shapeshifter began the quest for the
                  | Orb.
     0 | D:1      | Reached XP level 1. HP: 15/15 MP: 3/3
   162 | D:1      | Reached skill level 1 in Fighting
   235 | D:1      | Reached XP level 2. HP: 10/23 MP: 4/4
   783 | D:1      | You fall into a shaft and drop 1 floor!
   796 | D:2      | Noticed Sigmund
   847 | D:2      | Mangled by Sigmund

Illustrated notes

Levels and vault maps discovered:
D:1:      matt_arrival_spirals, layout_loops_ring
D:2:      layout_loops_ring, uniq_robin, uniq_sigmund

Skill      XL: |  1 |
---------------+----+-----
Fighting       | 1 |  1.4
Dodging        | 2 |  2.1
Unarmed Combat | |  2.9
Shapeshifting  | |  2.9

Action                     || total
---------------------------++-------
  Melee: Hand axe          ||    64
    Use: Potion            ||     2
         Scroll            ||     1
   Stab: Sleeping          ||     1
 Armour: Animal skin       ||    45
  Dodge: Dodged            ||    41

Table legend: (Time is in decaauts)
 A = Elapsed time spent in this place.
 B = Non-inter-level travel time spent in this place.
 C = Inter-level travel time spent in this place.
 D = Time resting spent in this place.
 E = Time spent auto-exploring this place.
 F = Levels seen in this place.
 G = Mean time per level.
                   A        B        C        D        E       F      G
               +--------+--------+--------+--------+--------+-----+--------+
         Total |    865 |    865 |      0 |    214 |    401 |   2 |  432.5 |
       Dungeon |    865 |    865 |      0 |    214 |    401 |   2 |  432.5 |
               +--------+--------+--------+--------+--------+-----+--------+

Top non-repeatable levels by time:
     D:1: 800 daAuts
     D:2: 64 daAuts
